 Dungeon Crawl Stone Soup version 0.27-a0-1105-g946c659c87 (webtiles) character file.

Game seed: 4271732477455336435

60 kodamatunes15 the Skirmisher (level 3, -1/34 HPs)
             Began as a Minotaur Fighter on Apr 30, 2021.
             Slain by a jackal (2 damage)
             ... on level 2 of the Dungeon.
             The game lasted 00:16:52 (1401 turns).

kodamatunes15 the Skirmisher (Minotaur Fighter)     Turns: 1401, Time: 00:16:52

Health: -1/34      AC:  2    Str: 20    XL:     3   Next: 82%
Magic:  2/2        EV:  9    Int:  5    God:
Gold:   87         SH:  9    Dex: 10    Spells: 2/2 levels left

rFire    . . .     SeeInvis .   a - +0 trident
rCold    . . .     Faith    .   c - +0 kite shield
rNeg     . . .     Spirit   .   i - +0 robe
rPois    .         Reflect  .   (helmet restricted)
rElec    .         Harm     .   (no cloak)
rCorr    .         Rampage  .   (no gloves)
Will     .....                  (no boots)
Stlth    +.........             (no amulet)
HPRegen  0.11/turn              (no ring)
MPRegen  0.08/turn              (no ring)

@: no status effects
A: horns 2, retaliatory headbutt
a: no special abilities


You were on level 2 of the Dungeon.
You visited 1 branch of the dungeon, and saw 2 of its levels.

You collected 87 gold pieces.

Inventory:

Hand Weapons
 a - a +0 trident (weapon)
 g - the +8 demon trident "Rift" {distort, reach+}
   (You acquired it on level 1 of the Dungeon)

   It warps and distorts space around it.
   Unwielding it can cause banishment or high damage.
 j - a +0 dagger
Missiles
 e - 45 stones (quivered)
 h - 15 sling bullets
 k - 15 arrows
Armour
 b - a +0 scale mail
 c - a +0 kite shield (worn)
 i - a +0 robe (worn)
Potions
 d - 2 potions of might


   Skills:
 + Level 4.3 Fighting
 + Level 3.2 Polearms
 + Level 4.1 Armour
 + Level 0.6 Dodging
 + Level 4.1 Shields


You had 2 spell levels left.
You didn't know any spells.
Your spell library was empty.

Dungeon Overview and Level Annotations

Branches:
Dungeon (2/15)

Altars:


Innate Abilities, Weirdness & Mutations

You have a pair of horns on your head.
You reflexively headbutt those who attack you in melee.


Message History

The jackal bites you. You block the jackal's attack. x2
Your shield prevents you from hitting the jackal.
The jackal bites you. The jackal closely misses you. The jackal bites you.
You hit the jackal but do no damage.
The jackal is lightly wounded.
The jackal bites you. The jackal completely misses you.
You furiously retaliate!
You headbutt the jackal. The jackal bites you.
* * * LOW HITPOINT WARNING * * *
The jackal bites you but does no damage.
You block the jackal's attack. x2
You closely miss the jackal.
The jackal is heavily wounded.
The jackal closely misses you. You block the jackal's attack. x2
The jackal bites you.
* * * LOW HITPOINT WARNING * * *
You block the jackal's attack. The jackal bites you.
* * * LOW HITPOINT WARNING * * *
You hit the jackal but do no damage.
The jackal is heavily wounded.
The jackal barely misses you. The jackal bites you.
* * * LOW HITPOINT WARNING * * *
You block the jackal's attack. x2; The jackal bites you.
* * * LOW HITPOINT WARNING * * *
The jackal bites you.
* * * LOW HITPOINT WARNING * * *
You puncture the jackal!
You kill the jackal!
The jackal closely misses you. x2
You hit the jackal.
The jackal is moderately wounded.
The jackal closely misses you. You block the jackal's attack.
The jackal bites you.
* * * LOW HITPOINT WARNING * * *
You puncture the jackal!
You kill the jackal!
You block the jackal's attack.
The jackal stops to sniff the ground.
The jackal barely misses you. The jackal bites you.
You die...

#. .#. #. #..# .
.....##.###..# # ##.
.............# # #.#
##...........# # #.#
#...........†# ###.#
##..#.##...#..#
'...####..........#..########
###.# ..........h...........#
# #.####........@....########
#......<.........#.#
########..#.....##.#.#
...................#.#######
.......).#............^.....
.####.##.#..................
#. ..#.........######### .
.............#
#####.#.....###.#


You could see a jackal.

Vanquished Creatures
  A gnoll (D:1)
  An adder (D:2)
  A worm (D:2)
  3 ball pythons
  5 endoplasms
  A goblin (D:2)
  8 hobgoblins
  3 jackals (D:2)
  4 quokkas
  4 kobolds
  2 rats (D:1)
33 creatures vanquished.

Notes
Turn   | Place    | Note
-------+----------+-------------------------------------------
     0 | D:1      | kodamatunes15 the Minotaur Fighter began the quest for the
                  | Orb.
     0 | D:1      | Reached XP level 1. HP: 19/19 MP: 0/0
    51 | D:1      | Found a faded altar of an unknown god.
   100 | D:1      | Reached XP level 2. HP: 20/27 MP: 1/1
   655 | D:1      | Identified a scroll of acquirement
   655 | D:1      | Acquired the +8 demon trident "Rift" {distort, reach+}
   656 | D:1      | Found the +8 demon trident "Rift" {distort, reach+}
   791 | D:1      | Reached XP level 3. HP: 21/33 MP: 2/2
  1392 | D:2      | HP: 1/34 [jackal (2)]
  1399 | D:2      | HP: 1/34 [jackal (1)]
  1401 | D:2      | Slain by a jackal

Illustrated notes

Levels and vault maps discovered:
D:1:      matt_arrival_diagonals, layout_loops_corners,
          ebering_ecumenical_altar_abandoned
D:2:      layout_basic, uniq_natasha

Skill      XL: |  1  2  3 |
---------------+----------+-----
Armour         | 4 |  4.1
Shields        | 4 |  4.1
Fighting       | 4 |  4.3
Polearms       | 3 |  3.2
Dodging        | |  0.6

Action                   || total
-------------------------++-------
Melee: Trident           ||    80
       Headbutt          ||     9
  Use: Scroll            ||     5
       Potion            ||     1
Armor: Scale mail        ||    14
       Robe              ||     6
Dodge: Dodged            ||    33
Block: Kite shield       ||    41

Table legend: (Time is in decaauts)
 A = Elapsed time spent in this place.
 B = Non-inter-level travel time spent in this place.
 C = Inter-level travel time spent in this place.
 D = Time resting spent in this place.
 E = Time spent auto-exploring this place.
 F = Levels seen in this place.
 G = Mean time per level.
                   A        B        C        D        E       F      G
               +--------+--------+--------+--------+--------+-----+--------+
         Total |   1432 |    262 |   1170 |      0 |      0 |   2 |  716.0 |
       Dungeon |   1432 |    262 |   1170 |      0 |      0 |   2 |  716.0 |
               +--------+--------+--------+--------+--------+-----+--------+

Top non-repeatable levels by time:
     D:1: 1189 daAuts
     D:2: 243 daAuts
